 Dungeon Crawl Stone Soup version 0.14.2 (webtiles) character file.

121 Amnesiac the Charlatan (level 4, 0/22 HPs)
             Began as a Spriggan Artificer on Feb 4, 2018.
             Succumbed to an adder's poison
             ... on Level 2 of the Dungeon.
             The game lasted 00:02:38 (2550 turns).

Amnesiac the Charlatan (Spriggan Artificer)         Turns: 2550, Time: 00:02:38

HP   0/22        AC  2     Str 12      XL: 4   Next: 41%
MP  10/10        EV 18     Int 13      God:
Gold 25          SH  0     Dex 17      Spells:  0 memorised,  3 levels left

rFire  . . .     SeeInvis +     a - +0 short sword
rCold  . . .     Clarity  .     e - +0 robe
rNeg   . . .     Conserve .     (shield restricted)
rPois  .         rCorr    .     (helmet restricted)
rElec  .         rRot     .     (no cloak)
SustAb . .       Spirit   .     (gloves unavailable)
rMut   .         Warding  .     (boots unavailable)
Saprov . . .     Stasis   .     (no amulet)
MR     .....                    (no ring)
                                (no ring)

@: mighty, lethally poisoned, very quick, not resistant to hostile enchantments,
stealthy
A: unfitting armour, see invisible, herbivore 3, speed 3, slow metabolism 2
a: no special abilities


You were on level 2 of the Dungeon.
You were not hungry.

You visited 1 branch of the dungeon, and saw 2 of its levels.

You collected 25 gold pieces.

Inventory:

Hand weapons
 a - a +0,+0 short sword (weapon)
Missiles
 k - 22 darts (quivered)
Armour
 e - a +0 robe (worn)
Magical devices
 b - a wand of flame (15)
 c - a wand of enslavement (15)
 d - a wand of random effects (14)
Comestibles
 m - a meat ration
 p - a bread ration
Scrolls
 g - 2 scrolls of blinking {!r, unknown}
 h - a scroll of magic mapping {!r, unknown}
 i - a scroll of enchant weapon II {!r, unknown}
 n - a scroll of amnesia {!r, unknown}
 o - 2 scrolls of identify {!r, unknown}
 q - a scroll of remove curse {!r, unknown}
 r - a scroll of teleportation {!r, unknown}
Jewellery
 j - an uncursed ring of fire {unknown}
Potions
 f - a potion of porridge {!q}


   Skills:
 - Level 1.0 Fighting
 * Level 4.0 Short Blades
 - Level 3.0 Dodging
 + Level 3.5 Stealth
 - Level 4.0 Evocations


You had 3 spell levels left.
You didn't know any spells.

Dungeon Overview and Level Annotations

Branches:
Dungeon (2/15)

Altars:
Elyvilon
Fedhas
Xom
The Shining One


Innate Abilities, Weirdness & Mutations

You are tiny and cannot use many weapons and most armour.
You have supernaturally acute eyesight.
You are a herbivore.
You cover ground extremely quickly.
You need consume almost no food.


Message History

No target in view!
No target in view!
Key pressed, stopping explore.
No target in view!
Found 17 stones.
No target in view!
An adder comes into view.
You see here 17 stones.
An adder is nearby!
An adder is nearby!
The adder misses you.
You hit the adder.
The adder is moderately wounded.
The adder bites you.
You are poisoned.
The adder poisons you! The adder closely misses you.
You closely miss the adder.
The adder is moderately wounded.
You feel sick. The adder bites you.
You closely miss the adder.
The adder is moderately wounded.
The adder barely misses you.
You hit the adder.
The adder is heavily wounded.
You feel sick. The adder bites you.
* * * LOW HITPOINT WARNING * * *
You are lethally poisoned!
The adder poisons you!
You hit the adder but do no damage.
The adder is heavily wounded.
The adder misses you.
You closely miss the adder.
The adder is heavily wounded.
* * * LOW HITPOINT WARNING * * *
You feel sick. The adder misses you.
You hit the adder but do no damage.
The adder is heavily wounded.
* * * LOW HITPOINT WARNING * * *
You feel sick. The adder barely misses you. The adder completely misses you.
You hit the adder.
The adder is almost dead.
The adder bites you.
* * * LOW HITPOINT WARNING * * *
You are more poisoned.
The adder poisons you!
Unknown command.
You hit the adder but do no damage.
The adder is almost dead.
* * * LOW HITPOINT WARNING * * *
You feel sick. The adder bites you.
* * * LOW HITPOINT WARNING * * *
Unknown command.
Drink which item? (? for menu, Esc to quit)
Really quaff
l - a fuming orange potion {!q}?
You feel very mighty all of a sudden.
It was a potion of might {!q}.
* * * LOW HITPOINT WARNING * * *
You feel sick. The adder closely misses you.
You puncture the adder!
You kill the adder!
Your Short Blades skill increases to level 4!
* * * LOW HITPOINT WARNING * * *
You feel sick.
You die...

###### #....# #....#
#....################
#.......(............
#...@################
#....# #.....# ###
###.## #.....###..
#.#######..........
#.............###..
#........###.###...
#.....(..# #.# #%..
#........# #.# #...
#####..##.#### #.#
#..>


There were no monsters in sight!

Vanquished Creatures
  5 adders
  A worm (D:2)
  A giant gecko (D:1)
  9 bats
  2 giant cockroaches
  8 hobgoblins
  3 jackals (D:1)
  3 kobolds (D:1)
  3 giant newts
  5 goblins
  4 rats
44 creatures vanquished.

Notes
Turn   | Place    | Note
--------------------------------------------------------------
     0 | D:1      | Amnesiac, the Spriggan Artificer, began the quest for the Orb.
     0 | D:1      | Reached XP level 1. HP: 9/9 MP: 2/2
    57 | D:1      | Reached skill level 1 in Fighting
   377 | D:1      | Reached XP level 2. HP: 4/14 MP: 5/5
  1026 | D:1      | Reached XP level 3. HP: 9/18 MP: 8/8
  1495 | D:2      | Found a blossoming altar of Fedhas.
  1495 | D:2      | Found a glowing golden altar of the Shining One.
  2065 | D:2      | Reached XP level 4. HP: 17/22 MP: 10/10
  2100 | D:2      | Found a shimmering altar of Xom.
  2100 | D:2      | Found a shimmering altar of Xom.
  2101 | D:2      | Found a shimmering altar of Xom.
  2101 | D:2      | Found a shimmering altar of Xom.
  2101 | D:2      | Found a shimmering altar of Xom.
  2101 | D:2      | Found a shimmering altar of Xom.
  2465 | D:2      | Found a white marble altar of Elyvilon.
  2548 | D:2      | HP: 1/22 [poisoned by an adder]
  2550 | D:2      | Succumbed to an adder's poison

Action                   |  1- 3 |  4- 6 || total
-------------------------+-------+-------++-------
Melee: Short sword       |   231 |    35 ||   266
Throw: Dart              |     3 |       ||     3
Evoke: Wand              |     1 |       ||     1
  Use: Potion            |     1 |     1 ||     2
 Stab: Confused          |     1 |       ||     1
       Sleeping          |     1 |       ||     1
